 Dungeon Crawl Stone Soup version 0.27-a0-965-gbf8bb431c4 (webtiles) character file.

Game seed: 488041726469829664

73 spiderkeys the Conjurer (level 4, -3/29 HPs)
             Began as an Octopode Conjurer on Apr 12, 2021.
             Killed by nerve-wracking pain
             ... invoked by Grinder
              (14 damage)
             ... on level 3 of the Dungeon.
             The game lasted 00:03:21 (2750 turns).

spiderkeys the Conjurer (Octopode Conjurer)         Turns: 2750, Time: 00:03:22

Health: -3/29      AC:  1    Str:  6    XL:     4   Next: 27%
Magic:  0/7        EV: 13    Int: 21    God:
Gold:   50         SH:  0    Dex: 10    Spells: 4/8 levels left

rFire    . . .     SeeInvis .   d - +0 dagger
rCold    . . .     Faith    .   (no shield)
rNeg     . . .     Spirit   .   (helmet restricted)
rPois    .         Reflect  .   (no amulet)
rElec    .         Harm     .   (no ring)
rCorr    .         Rampage  .   (no ring)
Will     .....                  (no ring)
Stlth    +++.......             (no ring)
HPRegen  0.09/turn              (no ring)
MPRegen  0.10/turn              (no ring)
                                (no ring)
                                (no ring)

@: no status effects
A: almost no armour, amphibious, 8 rings, camouflage 1, gelatinous body 1,
(nimble swimmer 1), tentacles
a: no special abilities


You were on level 3 of the Dungeon.
You visited 1 branch of the dungeon, and saw 3 of its levels.

You collected 50 gold pieces.

Inventory:

Hand Weapons
 d - a +0 dagger (weapon)
Potions
 a - a potion of curing
 c - a potion of haste {unknown}
 e - a potion of might {unknown}


   Skills:
 + Level 1.6 Fighting
 + Level 2.7 Dodging
 - Level 2.6 Stealth
 + Level 2.6 Spellcasting
 + Level 4.4 Conjurations


You had 4 spell levels left.
You knew the following spells:

 Your Spells              Type           Power      Damage    Failure   Level
a - Magic Dart            Conj           84%        1d7       2%          1
b - Animate Skeleton      Necr           4%         N/A       14%         1
c - Searing Ray           Conj           42%        3d4       3%          2

Your spell library contained the following spells:

 Spells                   Type           Power      Damage    Failure   Level
 Apportation              Tloc           4%         N/A       14%         1
 Corona                   Hex            2%         N/A       14%         1
 Summon Small Mammal      Summ           8%         N/A       14%         1
 Dazzling Flash           Conj/Hex       24%        N/A       17%         3
 Fulminant Prism          Conj/Hex       6%         3d7       50%         4
 Iskenderun's Mystic Bla  Conj/Tloc      12%        2d5       50%         4
 Borgnjor's Revivificati  Necr           1%         N/A       100%        8
 Infestation              Necr           1%         N/A       100%        8
 Necromutation            Tmut/Necr      1%         N/A       100%        8
 Death's Door             Necr           1%         N/A       100%        9


Dungeon Overview and Level Annotations

Branches:
Dungeon (3/15)

Altars:

Annotations:
D:3 Grinder


Innate Abilities, Weirdness & Mutations

You cannot wear most types of armour.
You are amphibious.
You can wear up to eight rings at the same time.
Your skin changes colour to match your surroundings (Stealth+).
Your rubbery body absorbs attacks. (AC +1, EV +1)
((You are camouflaged near water. (Stealth+)))
You have tentacles for arms and can constrict up to eight enemies at once.


Message History

Grinder comes into view.
Grinder shouts!
The magic dart hits Grinder.
Grinder is lightly wounded.
Grinder blinks!
The magic dart hits Grinder but does no damage.
Grinder is lightly wounded.
Grinder closely misses you.
The magic dart hits Grinder but does no damage.
Grinder is lightly wounded.
Grinder gestures at you. Pain shoots through your body!
You aren't carrying any items that you can evoke.
You aren't carrying any scrolls.
Casting: Magic Dart (safe; 2% risk of failure)
Confirm with . or Enter, or press ? or * to list all spells.
Aiming: Searing Ray (safe; 3% risk of failure)
Press: ? - help, Shift-Dir - straight line, f/p - Grinder
Aim: Grinder (lightly wounded, 25% to evade)
The searing ray hits Grinder.
Grinder is moderately wounded. (Press . to maintain the ray.)
A ball python comes into view.
Grinder hits you.
You writhe in agony.
The ball python moves out of view.
The searing ray hits Grinder.
Grinder is moderately wounded.
Grinder barely misses you.
The searing ray hits Grinder.
Grinder is heavily wounded.
Grinder hits you.
* * * LOW HITPOINT WARNING * * *
You writhe in agony.
* * * LOW HITPOINT WARNING * * *
Without enough magic to sustain it, your searing ray dissipates.
Grinder misses you.
You aren't carrying any scrolls.
It was a potion of curing.
You feel better. Grinder gestures at you. Pain shoots through your body!
You die...

#...#######...####
#..>...†............####
##...###.#.....####.....
###.###.#####.# ######
#..#..# # ## ##...## .
#######. ###.#
#.#....... #.#
#.......## #@#
##......## #..5..#
#....>... #.###.#
#.....### #. .. #.####
#. ... #. # .... # .....
......


You could see Grinder.

Vanquished Creatures
  2 adders
  2 worms (D:2)
  2 dart slugs
  5 bats
  3 endoplasms (D:1)
  3 giant cockroaches
  3 goblins
  2 hobgoblins
  3 jackals (D:1)
  5 quokkas
  3 ball pythons
  4 frilled lizards
  3 kobolds (D:1)
  2 rats (D:2)
42 creatures vanquished.

Vanquished Creatures (others)
  5 toadstools (D:1)
5 creatures vanquished.

Grand Total: 47 creatures vanquished

Notes
Turn   | Place    | Note
-------+----------+-------------------------------------------
     0 | D:1      | spiderkeys the Octopode Conjurer began the quest for the
                  | Orb.
     0 | D:1      | Reached XP level 1. HP: 11/11 MP: 3/3
   136 | D:1      | Reached XP level 2. HP: 15/18 MP: 0/5
   231 | D:1      | Found a faded altar of an unknown god.
   549 | D:1      | Reached skill level 1 in Fighting
   998 | D:1      | Reached XP level 3. HP: 21/23 MP: 0/6
  2166 | D:2      | Reached XP level 4. HP: 27/28 MP: 0/7
  2585 | D:3      | Learned a level 1 spell: Animate Skeleton
  2593 | D:3      | Learned a level 2 spell: Searing Ray
  2742 | D:3      | Noticed Grinder
  2750 | D:3      | Killed from afar by Grinder

Illustrated notes

Levels and vault maps discovered:
D:1:      ldierk_walled_garden, layout_loops_ring,
          chequers_ecumenical_altar_simple_redux
D:2:      layout_basic, serial_bayou_ford_a
D:3:      layout_rooms, serial_shops, shop, uniq_natasha, uniq_grinder

Skill      XL: |  1  2 |
---------------+-------+-----
Fighting       | 1 |  1.6
Dodging        | |  2.7
Stealth        | |  2.6
Spellcasting   | |  2.6
Conjurations   | |  4.4

Action                   |  1- 3 |  4- 6 || total
-------------------------+-------+-------++-------
Melee: Unarmed           |    12 |       ||    12
       Constrict         |     4 |       ||     4
       Tentacles         |     2 |       ||     2
       Dagger            |    11 |       ||    11
 Cast: Magic Dart        |    78 |    18 ||    96
       Searing Ray       |       |     1 ||     1
  Use: Scroll            |     1 |     4 ||     5
       Potion            |       |     1 ||     1
 Stab: Sleeping          |     1 |       ||     1
Armor: Skin              |     1 |       ||     1
Dodge: Dodged            |    21 |    11 ||    32

Table legend: (Time is in decaauts)
 A = Elapsed time spent in this place.
 B = Non-inter-level travel time spent in this place.
 C = Inter-level travel time spent in this place.
 D = Time resting spent in this place.
 E = Time spent auto-exploring this place.
 F = Levels seen in this place.
 G = Mean time per level.
                   A        B        C        D        E       F      G
               +--------+--------+--------+--------+--------+-----+--------+
         Total |   2748 |   2684 |     64 |      0 |   2452 |   3 |  916.0 |
       Dungeon |   2748 |   2684 |     64 |      0 |   2452 |   3 |  916.0 |
               +--------+--------+--------+--------+--------+-----+--------+

Top non-repeatable levels by time:
     D:1: 1401 daAuts
     D:2: 1099 daAuts
     D:3: 247 daAuts
